 Dungeon Crawl Stone Soup version 0.21-a0-517-gd76cfe0 (webtiles) character file.

168 Firecrotchwizard the Caller (level 5, 0/37 HPs)
             Began as a Gnoll Summoner on Dec 4, 2017.
             Killed by divine providence
             ... invoked by an orc priest
              (17 damage)
             ... on level 4 of the Dungeon.
             The game lasted 00:07:05 (3394 turns).

Firecrotchwizard the Caller (Gnoll Summoner)        Turns: 3394, Time: 00:07:05

Health: 0/37       AC:  9    Str: 11    XL:     5   Next: 49%
Magic:  5/12       EV: 13    Int: 17    God:
Gold:   125        SH:  0    Dex: 16    Spells: 4/14 levels left

rFire    x . .     SeeInvis .   w - +0 trident
rCold    + . .     Gourm    .   (no shield)
rNeg     . . .     Faith    .   l - +0 ring mail
rPois    .         Spirit   .   (no helmet)
rElec    .         Reflect  .   (no cloak)
rCorr    .         Harm     .   (no gloves)
MR       .....                  (no boots)
Stlth    ++........             (no amulet)
HPRegen  0.12/turn              m - ring of ice {rC+, rF-}
MPRegen  0.13/turn              y - +4 ring of protection

@: lethally poisoned (0 -> -28)
A: distributed training, fangs 1, strong nose
a: no special abilities


You were on level 4 of the Dungeon.
You were hungry.

You visited 1 branch of the dungeon, and saw 4 of its levels.

You collected 125 gold pieces.

Inventory:

Hand Weapons
 h - a +0 club
   (You took it off a hobgoblin on level 1 of the Dungeon)
 j - a +2 hunting sling of freezing
   (You found it on level 2 of the Dungeon)
 v - a +0 rapier of holy wrath
   (You found it on level 3 of the Dungeon)
 w - a +0 trident (weapon)
   (You found it on level 3 of the Dungeon)
Missiles
 p - 23 sling bullets
Armour
 a - a +0 robe
 k - a +0 buckler
   (You found it on level 2 of the Dungeon)
 l - a +0 ring mail (worn)
   (You found it on level 1 of the Dungeon)
Jewellery
 m - a ring of ice (left hand) {rC+, rF-}
   (You found it on level 2 of the Dungeon)
 y - a +4 ring of protection (right hand)
   (You found it on level 3 of the Dungeon)
Wands
 o - a wand of iceblast (8)
   (You found it on level 3 of the Dungeon)
Scrolls
 e - a scroll of noise {unknown}
 f - a scroll of identify {unknown}
 n - 2 scrolls of blinking {unknown}
 q - a scroll of enchant armour {unknown}
 s - a scroll of remove curse {unknown}
 z - a scroll of fog {unknown}
Potions
 d - 3 potions of curing {unknown}
 g - 4 potions of might {unknown}
 u - a potion of flight {unknown}
 x - 2 potions of heal wounds {unknown}
Books
 b - a book of Callings
Comestibles
 c - 2 bread rations {@e1}
 i - 2 meat rations {@e2}
 r - 2 royal jellies


   Skills:
 + Level 1.4 Fighting
 + Level 1.4 Short Blades
 + Level 1.4 Long Blades
 + Level 1.4 Axes
 + Level 1.4 Maces & Flails
 + Level 1.4 Polearms
 + Level 1.4 Staves
 + Level 1.4 Slings
 + Level 1.4 Bows
 + Level 1.4 Crossbows
 + Level 1.4 Throwing
 + Level 1.4 Armour
 + Level 4.8 Dodging
 + Level 4.4 Stealth
 + Level 1.4 Shields
 + Level 1.4 Unarmed Combat
 + Level 5.2 Spellcasting
 + Level 1.1 Conjurations
 + Level 1.1 Hexes
 + Level 1.1 Charms
 + Level 7.2 Summonings
 + Level 1.1 Necromancy
 + Level 1.1 Translocations
 + Level 1.1 Transmutations
 + Level 1.1 Fire Magic
 + Level 1.1 Ice Magic
 + Level 1.1 Air Magic
 + Level 1.1 Earth Magic
 + Level 1.1 Poison Magic
 + Level 1.6 Invocations
 + Level 1.4 Evocations


You had 4 spell levels left.
You knew the following spells:

 Your Spells              Type           Power        Failure   Level  Hunger
a - Summon Small Mammal   Summ           ####         1%          1    None
b - Call Canine Familiar  Summ           ####....     4%          3    ###....
c - Call Imp              Summ           ####....     2%          2    #......
d - Summon Ice Beast      Ice/Summ       ####....     50%         4    ####...


Dungeon Overview and Level Annotations

Branches:
Dungeon (4/15)
 Temple: D:4-7

Altars:


Innate Abilities, Weirdness & Mutations

Your experience applies equally to all skills.
You have very sharp teeth.
Your uncanny sense of smell can sniff out nearby items.


Message History

Your hound barely misses the orc priest.
The orc priest invokes the aid of Beogh against your hound.
Your hound writhes in agony!
Your hound dies!
Your hound's corpse disappears in a puff of smoke!
The orc wizard misses you.
Your crimson imp completely misses the orc priest.
The orc hits you but does no damage.
An orc comes into view.
You take 2 damage, and have 35/37 hp.
You barely miss the orc wizard.
The orc wizard hits you with a dagger of venom.
You are more poisoned.
The orc misses you. The orc misses your crimson imp.
An orc priest comes into view. It is wielding a club.
You take 1 damage, and have 34/37 hp.
You feel sick. The orc wizard barely misses you.
The orc hits you but does no damage. The orc closely misses you.
The orc misses your crimson imp.
You take 1 damage, and have 33/37 hp.
You now have 4/12 mp.
You feel sick.
Your hound bites the orc.
Your crimson imp blinks!
There is an open door here.
You take 1 damage, and have 32/37 hp.
You feel sick.
The orc wizard gestures wildly while chanting.
The orc wizard seems to speed up.
You take 2 damage, and have 30/37 hp.
You hit the orc but do no damage.
You feel sick.
The orc wizard looks encouraged for a moment.
Your hound bites the orc.
The orc dies!
The orc hits your hound. The orc wizard casts a spell at you.
The magic dart hits you!
An orc priest comes into view. It is wielding a morningstar.
You take 1 damage, and have 29/37 hp.
Attack whom?
Aim: an orc wizard, wielding a dagger of venom and wearing a robe (fast)
You reach to attack!
You hit the orc wizard.
You feel sick.
Your hound barely misses the orc.
The orc hits your hound but does no damage.
Your hound barely misses the orc.
The orc priest looks encouraged for a moment.
The orc wizard barely misses you.
You take 1 damage, and have 28/37 hp.
Attack whom?
Aim: an orc wizard, wielding a dagger of venom and wearing a robe (lightly wounded, fast)
You puncture the orc wizard!
You feel sick.
Your hound barely misses the orc.
The orc wizard miscasts a cantrip.
The orc closely misses your hound. The orc hits your hound.
Your hound bites the orc.
The orc wizard barely misses you. The orc misses your hound.
An orc comes into view. It is wielding a hand axe.
You take 2 damage, and have 26/37 hp.
You miss the orc wizard.
You bite the orc wizard, but do no damage.
You feel sick.
Your hound bites the orc.
The orc dies!
The orc wizard hits you but does no damage.
You are more poisoned.
The orc misses your hound. x2; The orc barely misses something.
Your hound bites the orc wizard but does no damage.
The orc priest casts a cantrip, but nothing happens.
You take 1 damage, and have 25/37 hp.
You miss the orc wizard.
You bite the orc wizard, but do no damage.
You feel sick. The orc wizard misses you.
Your hound misses the orc wizard.
The orc wizard hits you but does no damage.
You are lethally poisoned!
The orc hits your hound with a dagger. The orc barely misses your hound.
The orc hits something with a dagger of venom.
The orc priest casts a cantrip, but nothing happens.
You hit the orc wizard.
You feel very sick.
Your hound bites the orc.
The orc wizard misses you.
Your hound misses the orc. The orc hits your hound with a dagger.
The orc wizard misses you. The orc closely misses your hound.
The orc hits something with a dagger of venom.
The orc priest calls upon Beogh to heal the orc.
The orc is healed somewhat.
The orc barely misses your hound.
You take 3 damage, and have 22/37 hp.
You miss the orc wizard.
You feel sick.
Your hound bites the orc.
The orc wizard closely misses you.
The orc hits your hound but does no damage.
The orc hits your hound.
Your hound bites the orc.
The orc priest hits your hound but does no damage.
The orc wizard hits you but does no damage.
You are more poisoned.
The orc priest looks braver for a moment.
The orc misses your hound.
You take 2 damage, and have 20/37 hp.
You hit the orc wizard.
You kill the orc wizard!
You feel very sick.
Your hound barely misses the orc priest.
The orc closely misses your hound.
The orc priest invokes the aid of Beogh against you.
Beogh smites you!
You die...

∆ # .# .# ###.####
############.o....#
#<........@ohoo...#
############oo....#
#..o...# #o§....#
#......# #........
#........ ###......
......


You could see 3 orc priests, 4 orcs and a friendly hound.

Vanquished Creatures
  2 hounds (D:3)
  An orc wizard (D:4)
  3 adders
  A worm (D:3)
  2 leopard geckos
  2 bats (D:2)
  A giant cockroach (D:3)
  5 hobgoblins
  3 jackals (D:3)
  5 frilled lizards
  2 goblins
  2 kobolds (D:2)
  2 rats
31 creatures vanquished.

Vanquished Creatures (collateral kills)
  An orc wizard (D:3)
  A gnoll (D:3)
  2 adders
  A worm (D:2)
  2 dart slugs
  5 orcs
  A giant cockroach (D:3)
  2 goblins (D:3)
  2 hobgoblins (D:2)
  6 jackals (D:3)
  A bat (D:3)
  A frilled lizard (D:2)
  3 kobolds
  3 rats
31 creatures vanquished.

Vanquished Creatures (others)
  An orc wizard (D:3)
1 creature vanquished.

Grand Total: 63 creatures vanquished

Notes
Turn   | Place    | Note
-------+----------+-------------------------------------------
     0 | D:1      | Firecrotchwizard the Gnoll Summoner began the quest for the Orb.
     0 | D:1      | Reached XP level 1. HP: 13/13 MP: 6/6
   861 | D:2      | Reached XP level 2. HP: 18/19 MP: 7/7
   865 | D:2      | Learned a level 2 spell: Call Imp
  1270 | D:2      | Reached skill level 5 in Spellcasting
  1270 | D:2      | Reached XP level 3. HP: 7/25 MP: 6/9
  1275 | D:2      | Learned a level 3 spell: Call Canine Familiar
  2081 | D:2      | Reached skill level 1 in Invocations
  2564 | D:3      | Reached skill level 1 in Fighting
  2564 | D:3      | Reached skill level 1 in Short Blades
  2564 | D:3      | Reached skill level 1 in Long Blades
  2564 | D:3      | Reached skill level 1 in Axes
  2564 | D:3      | Reached skill level 1 in Maces & Flails
  2564 | D:3      | Reached skill level 1 in Polearms
  2564 | D:3      | Reached skill level 1 in Staves
  2564 | D:3      | Reached skill level 1 in Slings
  2564 | D:3      | Reached skill level 1 in Bows
  2564 | D:3      | Reached skill level 1 in Crossbows
  2564 | D:3      | Reached skill level 1 in Throwing
  2564 | D:3      | Reached skill level 1 in Armour
  2564 | D:3      | Reached skill level 1 in Shields
  2564 | D:3      | Reached skill level 1 in Unarmed Combat
  2564 | D:3      | Reached skill level 1 in Evocations
  2564 | D:3      | Reached XP level 4. HP: 10/32 MP: 1/11
  2896 | D:3      | Reached skill level 1 in Conjurations
  2896 | D:3      | Reached skill level 1 in Hexes
  2896 | D:3      | Reached skill level 1 in Charms
  2896 | D:3      | Reached skill level 1 in Necromancy
  2896 | D:3      | Reached skill level 1 in Translocations
  2896 | D:3      | Reached skill level 1 in Transmutations
  2896 | D:3      | Reached skill level 1 in Fire Magic
  2896 | D:3      | Reached skill level 1 in Ice Magic
  2896 | D:3      | Reached skill level 1 in Air Magic
  2896 | D:3      | Reached skill level 1 in Earth Magic
  2896 | D:3      | Reached skill level 1 in Poison Magic
  2904 | D:3      | Learned a level 4 spell: Summon Ice Beast
  3100 | D:3      | Reached XP level 5. HP: 32/37 MP: 6/12
  3394 | D:4      | Killed from afar by an orc priest

Vault maps used:
D:1:      scummos_arrival_star
D:2:      first_bread, st_stairs_1
D:3:      cheibrodos_gnoll_hut
D:4:      old_forge, old_standard_altar, kennysheep_cross_room

Skill      XL: |  1  2  3  4 |
---------------+-------------+-----
Spellcasting   | 5 |  5.2
Invocations    | 1 |  1.6
Fighting       | 1 |  1.4
Short Blades   | 1 |  1.4
Long Blades    | 1 |  1.4
Axes           | 1 |  1.4
Maces & Flails | 1 |  1.4
Polearms       | 1 |  1.4
Staves         | 1 |  1.4
Slings         | 1 |  1.4
Bows           | 1 |  1.4
Crossbows      | 1 |  1.4
Throwing       | 1 |  1.4
Armour         | 1 |  1.4
Shields        | 1 |  1.4
Unarmed Combat | 1 |  1.4
Evocations     | 1 |  1.4
Conjurations   | 1 |  1.1
Hexes          | 1 |  1.1
Charms         | 1 |  1.1
Necromancy     | 1 |  1.1
Translocations | 1 |  1.1
Transmutations | 1 |  1.1
Fire Magic     | 1 |  1.1
Ice Magic      | 1 |  1.1
Air Magic      | 1 |  1.1
Earth Magic    | 1 |  1.1
Poison Magic   | 1 |  1.1
Dodging        | |  4.8
Stealth        | |  4.4
Summonings     | |  7.2

Action                   |  1- 3 |  4- 6 || total
-------------------------+-------+-------++-------
Melee: Unarmed           |    11 |       ||    11
       Club              |    88 |    23 ||   111
       Bite              |    12 |     8 ||    20
       Trident           |       |    35 ||    35
 Cast: Summon Small Mamm |    10 |     3 ||    13
       Call Imp          |     6 |     3 ||     9
       Call Canine Famil |     6 |     4 ||    10
 Stab: Sleeping          |     3 |       ||     3
       Distracted        |     1 |     2 ||     3
  Eat: Chunk             |     5 |     3 ||     8
Armor: Robe              |     6 |       ||     6
       Ring mail         |    18 |    32 ||    50
Dodge: Dodged            |    75 |    53 ||   128

Table legend:
 A = Spawn XP
 B = Non-spawn XP
 C = Spawn XP percentage of total XP
 D = Spawn monster count
 E = Non-spawn monster count
 F = Spawn count percentage of total count
 G = Total turns spent on level
                    A         B        C        D         E        F      G
               +---------+---------+-------+---------+---------+-------+---------
         Total |       0 |     241 |   0.0 |       0 |      62 |   0.0 |  3394
               +---------+---------+-------+---------+---------+-------+---------
           D:1 |       0 |       6 |   0.0 |       0 |       4 |   0.0 |   865
           D:2 |       0 |      51 |   0.0 |       0 |      19 |   0.0 |  1319
           D:3 |       0 |     140 |   0.0 |       0 |      36 |   0.0 |  1178
           D:4 |       0 |      44 |   0.0 |       0 |       3 |   0.0 |    32
               +---------+---------+-------+---------+---------+-------+---------

Vault maps used:
D:1:      scummos_arrival_star
D:2:      first_bread, st_stairs_1
D:3:      cheibrodos_gnoll_hut
D:4:      old_forge, old_standard_altar, kennysheep_cross_room

Table legend:
 A = Turns spent in this place as a percentage of turns spent in the entire game.
 B = Non-inter-level travel turns spent in this place as a percentage of non-inter-level travel turns spent in the entire game.
 C = Inter-level travel turns spent in this place as a percentage of turns spent in this place.
 D = Turns resting spent in this place as a percentage of non-inter-level travel turns spent in this place.
 E = Turns spent auto-exploring this place as a percentage of non-inter-level travel turns spent in this place.
 F = Non-inter-level travel turns spent in this place divided by the number of levels of this place that you've seen.
                   A       B       C       D       E      F
               +-------+-------+-------+-------+-------+----------------------
         Total | 100.0 | 100.0 |   5.6 |  37.3 |  48.2 | 801.2
       Dungeon | 100.0 | 100.0 |   5.6 |  37.3 |  48.2 | 801.2
               +-------+-------+-------+-------+-------+----------------------

Table legend:
 A = Kills in this place as a percentage of kills in entire the game.
 B = Kills by you in this place as a percentage of kills by you in the entire game.
 C = Kills by friends in this place as a percentage of kills by friends in the entire game.
 D = Other kills in this place as a percentage of other kills in the entire game.
 E = Experience gained in this place as a percentage of experience gained in the entire game.
 F = Experience gained in this place divided by the number of levels of this place that you have seen.
                   A       B       C       D       E      F
               +-------+-------+-------+-------+-------+----------------------
         Total | 100.0 | 100.0 | 100.0 |   N/A | 100.0 |  60.2
       Dungeon | 100.0 | 100.0 | 100.0 |   N/A | 100.0 |  60.2
               +-------+-------+-------+-------+-------+----------------------
